 Dungeon Crawl Stone Soup version 0.29.1-15-g9cfb28693d (webtiles) character file.

Game seed: 17654388447365952823

5138 LLlMATKO the Fighter (level 10, -1/139 HPs)
             Began as a Minotaur Berserker on Apr 2, 2023.
             Was an Elder of Trog.
             Killed from afar by an electric eel (5 damage)
             ... with a bolt of electricity
             ... on level 7 of the Dungeon.
             The game lasted 00:07:16 (8073 turns).

LLlMATKO the Fighter (Minotaur Berserker)           Turns: 8073, Time: 00:07:16

Health: -1/139     AC: 14    Str: 25    XL:     10   Next: 33%
Magic:  9/9        EV: 13    Int:  4    God:    Trog [****..]
Gold:   569        SH:  0    Dex: 17    Spells: 9/9 levels left

rFire   . . .      SeeInvis .   v - +0 war axe
rCold   . . .      Faith    .   (no shield)
rNeg    . . .      Spirit   .   x - +0 chain mail
rPois   .          Reflect  .   (helmet restricted)
rElec   .          Harm     .   r - +0 cloak
rCorr   +          Rampage  .   b - +0 pair of gloves
Will    .....                   (no boots)
Stlth   ..........              l - amulet of magic regeneration
HPRegen 0.33/turn               s - +6 ring of dexterity
MPRegen 0.51/turn               E - ring of resist corrosion

@: berserking, very quick
A: horns 2, retaliatory headbutt
a: Renounce Religion, Berserk, Trog's Hand, Brothers in Arms


You were on level 7 of the Dungeon.
You worshipped Trog.
Trog was greatly pleased with you.
You visited 1 branch of the dungeon, and saw 8 of its levels.

You collected 569 gold pieces.

Inventory:

Hand Weapons
 v - a +0 war axe (weapon)
 F - a +1 halberd of venom
 H - a +0 whip of flaming
Missiles
 o - 21 poisoned darts (quivered)
 z - 14 boomerangs
 A - a throwing net
Armour
 b - a +0 pair of gloves (worn)
 r - a +0 cloak (worn)
 x - a +0 chain mail (worn)
Jewellery
 l - an amulet of magic regeneration (around neck)
 s - a +6 ring of dexterity (left hand)
 E - a ring of resist corrosion (right hand)
Wands
 u - a wand of flame (28)
 N - a wand of digging (3)
Scrolls
 c - 8 scrolls of identify {unknown}
 d - 2 scrolls of enchant armour {unknown}
 f - 2 scrolls of blinking {unknown}
 g - 2 scrolls of magic mapping {unknown}
 h - 3 scrolls of fear {unknown}
 k - 2 scrolls of enchant weapon {unknown}
 n - 2 scrolls of noise {unknown}
 p - 2 scrolls of immolation {unknown}
 t - 3 scrolls of poison {unknown}
 w - a scroll of torment {unknown}
 y - a scroll of summoning {unknown}
 B - 2 scrolls of vulnerability {unknown}
 G - a scroll of fog {unknown}
 K - a scroll of silence {unknown}
 L - a scroll of amnesia {unknown}
Potions
 a - 4 potions of brilliance {unknown}
 e - 3 potions of curing {unknown}
 i - 3 potions of magic {unknown}
 j - 2 potions of might {unknown}
 q - 3 potions of haste {unknown}
 C - a potion of cancellation {unknown}
 D - 2 potions of berserk rage {unknown}
 I - 2 potions of flight {unknown}
 J - 2 potions of degeneration {unknown}
 M - a potion of heal wounds {unknown}
 O - a potion of resistance {unknown}


   Skills:
 + Level 9.9 Fighting
 + Level 9.9 Axes
 + Level 9.5 Armour
 + Level 8.7 Dodging


You had 9 spell levels left.
You didn't know any spells.
Your spell library was empty.

Dungeon Overview and Level Annotations

Branches:
Dungeon (8/15)             Temple (0/1) D:4
   Lair: D:8-11

Altars:
Dithmenos
Fedhas
Gozag
Makhleb
Qazlal
Ru
Sif Muna
The Shining One

Shops:
D:3 [[*


Innate Abilities, Weirdness & Mutations

You have a pair of horns on your head.
You reflexively headbutt those who attack you in melee.


Message History

The electric eel shoots out a bolt of lightning at you!
The bolt of electricity hits the electric eel.
The electric eel completely resists.
The bolt of electricity hits you!
The electric eel shoots out a bolt of lightning at you!
The bolt of electricity hits you.
There is a broken door, spattered with blood here.
Things that are here:
a +0 dagger; a +0 leather armour; a poisoned dart The electric eel shoots out a bolt of lightning at you!
The bolt of electricity hits you!
The electric eel shoots out a bolt of lightning at you!
The bolt of electricity hits the electric eel.
The electric eel completely resists.
The bolt of electricity hits the plant!
The plant begins to die.
The bolt of electricity hits you!
The electric eel shoots out a bolt of lightning at you!
The bolt of electricity misses you.
The electric eel shoots out a bolt of lightning at you!
The bolt of electricity hits the electric eel.
The electric eel completely resists.
The bolt of electricity hits you!
* * * LOW HITPOINT WARNING * * *
A red film seems to cover your vision as you go berserk!
You feel yourself moving faster!
You feel mighty!
The electric eel shoots out a bolt of lightning at you!
The bolt of electricity misses you.
The electric eel shoots out a bolt of lightning at you!
The bolt of electricity hits you!
* * * LOW HITPOINT WARNING * * *
The bolt of electricity hits you!
* * * LOW HITPOINT WARNING * * *
You slice the electric eel!!
You kill the electric eel!
Trog accepts your kill.
You hear a splash.
You slash the plant!
The electric eel shoots out a bolt of lightning at you!
The bolt of electricity hits you!
* * * LOW HITPOINT WARNING * * *
The electric eel shoots out a bolt of lightning at you!
The bolt of electricity hits you.
You die...

.........######
##~...'..# #.#
.........#
######~#####.## #.#
..########
##)...~##SS≈### #.#
..#
##~######≈≈~≈≈######.#
..#
#~##≈≈≈##$..??##.....#
..#
#~#≈≈.≈≈#[~PP~##.#####
..#
#~#$S.S.#PP.~P##.###
..#
#~#(†.(!#.....#....#
..# #.#.P@(P# ####.#
.## #.#.....# ###.##
#########
#.#.....#####..#....##
..#.....#
#.##..)##~~...##.#....
#.#.....#
##.####.~~#####..##.##
#.#.....#
##~~...###...#.#...#
..#.....#
########..#.#.....#
###.....###
###........#.## #
###.....#
#....#.#####.#.


You could see 2 electric eels.

Vanquished Creatures
  Pikel (D:6)
  A deep elf pyromancer (D:7)
  The ghost of Hugehornet the Cudgeller, a novice DgFi (D:5)
  4 yaks (D:6)
  2 wyverns
  Duvessa (D:6)
  A water moccasin (D:8)
  An orc warrior (D:8)
  2 ice beasts (D:6)
  4 ogres (D:6)
  3 centaurs
  Blork the orc (D:6)
  2 kobold brigands
  5 bullfrogs
  5 scorpions
  2 necrophages
  Dowan (D:6)
  5 killer bees (D:8)
  An electric eel (D:7)
  2 howler monkeys
  A hound (D:4)
  A jelly (D:4)
  3 orc priests
  Crazy Yiuf (D:6)
  Ijyb (D:3)
  Natasha (D:3)
  8 orc wizards
  2 iguanas (D:6)
  5 adders
  4 gnolls (D:7)
  A shadow imp (D:6)
  3 white imps
  2 worms
  A dart slug (D:4)
  19 orcs
  4 endoplasms
  2 giant cockroaches
  13 goblins
  12 hobgoblins
  9 kobolds
  7 quokkas
  3 ball pythons
  6 bats
  2 frilled lizards (D:1)
  A rat (D:3)
157 creatures vanquished.

Vanquished Creatures (others)
  A fungus (D:1)
1 creature vanquished.

Grand Total: 158 creatures vanquished

Notes
Turn   | Place    | Note
-------+----------+-------------------------------------------
     0 | D:1      | LLlMATKO the Minotaur Berserker began the quest for the
                  | Orb.
     0 | D:1      | Reached XP level 1. HP: 19/19 MP: 0/0
   363 | D:1      | Found a faded altar of an unknown god.
   379 | D:1      | Reached XP level 2. HP: 20/27 MP: 1/1
  1093 | D:2      | Reached ** piety under Trog
  1196 | D:2      | Reached XP level 3. HP: 33/33 MP: 2/2
  2377 | D:3      | Noticed Natasha
  2390 | D:3      | Killed Natasha
  2391 | D:3      | Reached XP level 4. HP: 15/41 MP: 3/3
  2659 | D:3      | Found Jerowubafu's General Store.
  2666 | D:3      | Noticed Ijyb
  2680 | D:3      | Killed Ijyb
  3054 | D:3      | Found Bikeg's Antique Armour Boutique.
  3102 | D:3      | Found Atelesee's Armour Shop.
  3273 | D:4      | Reached XP level 5. HP: 47/47 MP: 4/4
  3342 | D:4      | Reached skill level 5 in Axes
  3342 | D:4      | Found a staircase to the Ecumenical Temple.
  3534 | D:4      | Reached skill level 5 in Fighting
  3649 | D:4      | Reached XP level 6. HP: 56/56 MP: 5/5
  3881 | D:4      | Found a glowing golden altar of the Shining One.
  4049 | D:5      | Entered Level 5 of the Dungeon
  4259 | D:5      | Reached skill level 5 in Armour
  4259 | D:5      | Reached XP level 7. HP: 62/62 MP: 6/6
  4453 | D:5      | Found a large runed translucent door.
  4454 | D:5      | Found a large runed translucent door.
  4521 | D:5      | Noticed Hugehornet's ghost (novice DgFi)
  4576 | D:5      | Found a burning altar of Makhleb.
  4850 | D:5      | Found an opulent altar of Gozag.
  4857 | D:5      | Found a stormy altar of Qazlal.
  4864 | D:5      | Found a shadowy altar of Dithmenos.
  5031 | D:5      | Killed Hugehornet's ghost
  5032 | D:5      | Reached skill level 5 in Dodging
  5097 | D:6      | Reached XP level 8. HP: 52/71 MP: 7/7
  5204 | D:5      | Reached *** piety under Trog
  5470 | D:6      | Noticed Dowan
  5471 | D:6      | Noticed Duvessa
  5481 | D:6      | Killed Dowan
  5486 | D:6      | Killed Duvessa
  5632 | D:6      | Reached XP level 9. HP: 21/81 MP: 8/8
  5633 | D:6      | HP: 3/121 [yak (11)]
  5996 | D:6      | Found a sacrificial altar of Ru.
  6051 | D:6      | Noticed Pikel
  6063 | D:6      | Killed Pikel
  6089 | D:6      | Noticed Blork the orc
  6099 | D:6      | Killed Blork the orc
  6181 | D:6      | Found a burning altar of Makhleb.
  6294 | D:6      | Found a shadowy altar of Dithmenos.
  6357 | D:6      | Found a runed translucent door.
  6358 | D:6      | Noticed Crazy Yiuf
  6366 | D:6      | Killed Crazy Yiuf
  6797 | D:7      | Found a shimmering blue altar of Sif Muna.
  7089 | D:8      | Reached XP level 10. HP: 91/91 MP: 9/9
  7191 | D:8      | Found a blossoming altar of Fedhas.
  7482 | D:7      | Reached **** piety under Trog
  7940 | D:7      | Noticed a deep elf pyromancer
  8052 | D:7      | Killed a deep elf pyromancer
  8073 | D:7      | HP: 4/139 [electric eel/bolt of electricity (7)]
  8073 | D:7      | Killed from afar by an electric eel

Illustrated notes

Levels and vault maps discovered:
D:1:      dpeg_arrival_circle_labyrinth_c, layout_rooms,
          dreamdust_ecumenical_altar_grove
D:2:      minmay_door_path, layout_loops_ring, skrybe_limestone_x, st_stairs_10,
          kennysheep_generic_room_15
D:3:      kennysheep_the_goblin_king, layout_loops_corners, serial_shops,
          nicolae_lakefront_shop, nicolae_shop_stone, shop, uniq_natasha
D:4:      layout_rooms, nicolae_overflow_crystal_walls,
          minmay_temple_entry_mini_moons
D:5:      layout_loops_ring, minmay_overflow_temple_star_quad,
          lightli_temple_of_fire, ebering_ghost_disaster_area
D:6:      layout_rooms, nicolae_ru_awakened_eye, grunt_ministairs_3,
          hangedman_feature_mirror, uniq_duvessa, uniq_crazy_yiuf_cottage,
          uniq_pikel, uniq_blork_the_orc
D:7:      cheibrodos_two_vegetables, layout_basic, tgw_sif
D:8:      layout_rooms, fedhas_altar_fruit_tree

Skill      XL: |  1  2  3  4  5  6  7  8  9 |
---------------+----------------------------+-----
Fighting       | 4 5 6 7 9 |  9.9
Axes           | 4 5 6 8 9 |  9.9
Armour         | 3 4 5 6 7 9 |  9.5
Dodging        | 3 4 5 6 8 |  8.7

Action                   |  1- 3 |  4- 6 |  7- 9 | 10-12 || total
-------------------------+-------+-------+-------+-------++-------
Melee: Hand axe          |    90 |    16 |       |       ||   106
       Headbutt          |    13 |    13 |    35 |    16 ||    77
       Punch             |     1 |       |     1 |       ||     2
       War axe           |       |    49 |   158 |    60 ||   267
       Halberd           |       |       |     1 |       ||     1
Throw: Dart              |       |       |       |     6 ||     6
Invok: Berserk           |       |     1 |     6 |     2 ||     9
       Trog's Hand       |       |       |     1 |       ||     1
Armor: Animal skin       |    16 |     5 |       |       ||    21
       Chain mail        |       |    15 |    87 |    28 ||   130
       Ring mail         |       |     4 |       |       ||     4
Dodge: Dodged            |    54 |    32 |   117 |    29 ||   232
